AoeStats
← enriquelegion117

Arena

510038396Analyzed
1v1 RM · 2d ago on Sep 29, 2026· 47m 23s· 2 players
Game mode
Random Map
Map size
Tiny (2 player)
Population
200
Speed
Normal
Resources
Standard
Victory
Conquest
Starting age
Dark Age
Ending age
Imperial Age
RankedLock teamsTeams togetherTeam positionsShared explorationLock speedFull tech treeHidden civsTurbo modeCheats
Victory
Defeat
🇲🇽 Romans · Mexico
713
+15
🇮🇩 Chinese · Indonesia
699
-15
commandermaven
11:22 Feudal Age
17:39 Castle Age
15:25 Loom
16:48 Double-Bit Axe
16:46 Horse Collar
19:03 Bow Saw
19:07 Heavy Plow
26:11 Fletching
32:58 Wheelbarrow
32:51 Bloodlines
34:05 Gold Mining
34:04 Town Watch
34:48 Bodkin Arrow
35:37 Hand Cart
35:43 Husbandry
38:24 Gold Shaft Mining
39:18 Forging
39:15 Scale Barding Armor
41:12 Chain Barding Armor
41:23 Ballistics
45:16 Imperial Age
42:50 Town Patrol
44:17 Masonry
44:04 Murder Holes
46:53 Plate Barding Armor
enriquelegion117
0:52 Loom
12:21 Feudal Age
13:58 Double-Bit Axe
15:00 Wheelbarrow
21:48 Castle Age
20:07 Horse Collar
22:46 Man-at-Arms
33:13 Imperial Age
30:40 Stone Mining
30:44 Gold Mining
32:25 Gold Shaft Mining
32:08 Hand Cart
32:06 Squires
31:32 Pikeman
32:17 Scale Mail Armor
32:36 Bow Saw
34:05 Town Watch
34:49 Town Patrol
35:15 Fletching
36:25 Ballistics
37:05 Chemistry
36:30 Ballistas
37:38 Bodkin Arrow
37:59 Chain Mail Armor
40:45 Fortified Wall
41:18 Capped Ram
Connection lost

Rejoining the realm…

Still unreachable

The connection could not be restored.

Session expired

The server has moved on; the page needs a fresh start.